 Dungeon Crawl Stone Soup version 0.29-a0-582-ge82337ba6a (webtiles) character file.

Game seed: 5417259719590033278

322 Hubjo the Changer (level 6, -4/46 HPs)
             Began as a Demonspawn Transmuter on June 10, 2022.
             Was a Follower of Nemelex Xobeh.
             Slain by a water moccasin (5 damage)
             ... on level 6 of the Dungeon on June 14, 2022.
             The game lasted 00:06:38 (3351 turns).

Hubjo the Changer (Demonspawn Transmuter)           Turns: 3351, Time: 00:06:41

Health: -4/46      AC:  5    Str: 11    XL:     6   Next: 22%
Magic:  10/10      EV: 12    Int: 14    God:    Nemelex Xobeh [*.....]
Gold:   165        SH:  0    Dex: 15    Spells: 10/11 levels left

rFire   . . .      SeeInvis .     - Unarmed
rCold   . . .      Faith    .   (no shield)
rNeg    . . .      Spirit   .   a - +1 robe
rPois   .          Reflect  .   (helmet currently unavailable)
rElec   .          Harm     .   (no cloak)
rCorr   .          Rampage  .   (no gloves)
Will    .....                   (boots currently unavailable)
Stlth   +.........              (no amulet)
HPRegen 0.15/turn               (no ring)
MPRegen 0.12/turn               (no ring)

@: confused, lethally poisoned (-4 -> -29), appendages, ambrosia-drunk
A: horns 2, talons 2, yellow scales 1, demonic guardian 1, powered by death 1,
weakness stinger 1
a: End Transformation, Renounce Religion, Draw Escape, Draw Destruction, Draw
Summoning


You were on level 6 of the Dungeon.
You worshipped Nemelex Xobeh.
Nemelex Xobeh was aware of your devotion.
You had temporarily grown beastly horns and talons.
You visited 1 branch of the dungeon, and saw 4 of its levels.

You collected 165 gold pieces.

Inventory:

Armour
 a - a +1 robe (worn)
Jewellery
 m - an amulet of reflection
 n - a ring of flight
Scrolls
 d - a scroll of noise {unknown}
 f - a scroll of amnesia {unknown}
 g - a scroll of blinking
 j - a scroll of fear
 o - a scroll of torment
 q - a scroll of fog
Potions
 b - 3 potions of lignification
 c - a potion of cancellation {unknown}
 e - a potion of might {unknown}
 h - a potion of haste {unknown}
 i - a potion of ambrosia
 l - 2 potions of heal wounds {unknown}
 p - a potion of curing {unknown}


   Skills:
 + Level 2.9 Fighting
 - Level 1.7 Dodging
 + Level 2.2 Stealth
 + Level 3.4 Unarmed Combat
 + Level 3.0 Spellcasting
 * Level 3.5 Transmutations


You had 10 spell levels left.
You knew the following spells:

 Your Spells              Type           Power      Damage    Failure   Level
a - Beastly Appendage     Tmut           24%        N/A       4%          1

Your spell library contained the following spells:

 Spells                   Type           Power      Damage    Failure   Level
 Wereblood                Tmut           12%        N/A       8%          2
 Passwall                 Tmut/Erth      5%         N/A       16%         2
 Sandblast                Erth           4%         2d4       22%         1
 Spider Form              Tmut/Pois      7%         N/A       30%         3
 Blink                    Tloc           4%         N/A       32%         2
 Stone Arrow              Conj/Erth      4%         3d7       54%         3
 Ice Form                 Ice/Tmut       7%         N/A       71%         4
 Manifold Assault         Tloc           2%         N/A       99%         5
 Storm Form               Tmut/Air       3%         N/A       100%        7


Dungeon Overview and Level Annotations

Branches:
Dungeon (6/15)
 Temple: D:4-7

Altars:
Nemelex Xobeh

Shops:
D:1 !


Innate Abilities, Weirdness & Mutations

You have temporarily grown beastly horns and talons.
You are partially covered in yellow scales. (AC +2)
A weak demonic guardian rushes to your aid.
You regenerate a little health from kills.
You have a small tail.


Message History

You are too injured to fight recklessly!
You are too injured to fight recklessly!
You are too injured to fight recklessly!
You are too injured to fight recklessly!
You are too injured to fight recklessly!
You are too injured to fight recklessly!
You are too injured to fight recklessly!
You are too injured to fight recklessly!
You are too injured to fight recklessly!
You are too injured to fight recklessly!
You are too injured to fight recklessly!
You are too injured to fight recklessly!
You closely miss the water moccasin.
Your tail-slap misses the water moccasin.
The water moccasin is moderately wounded.
You feel very sick.
The water moccasin bites you but does no damage.
You barely miss the water moccasin. Your kick misses the water moccasin.
The water moccasin is moderately wounded.
* * * LOW HITPOINT WARNING * * *
You feel very sick.
The water moccasin bites you but does no damage.
You miss the water moccasin.
The water moccasin is moderately wounded.
* * * LOW HITPOINT WARNING * * *
You feel very sick.
The water moccasin bites you but does no damage.
The water moccasin bites you!
* * * LOW HITPOINT WARNING * * *
A demonic guardian appears!
You are more poisoned.
The water moccasin poisons you!
It was a potion of ambrosia.
You are confused.
You feel invigorated.
* * * LOW HITPOINT WARNING * * *
You feel very sick. The water moccasin bites you.
You die...
Your body glows slightly and disappears.

#.........###
#.#
#..#####..##
#.# # #...##
... #.#...
..( #...##
#.#
##.#####..##
#.#
..........#
#S#
.########.#
#@# #.# #5#
#.### #.#
#.... #.#
#..## #.#
#..# #.#
##.## #.#
#>.. #.# ###.
#.# .# #.


You could see a water moccasin (ally target) and a friendly iron imp (summoned).

Vanquished Creatures
  A bullfrog (D:6)
  A necrophage (D:6)
  A scorpion (D:6)
  An iguana (D:6)
  4 gnolls
  An adder (D:2)
  2 worms
  2 dart slugs
  An orc (D:3)
  4 endoplasms
  A giant cockroach (D:1)
  2 goblins
  8 hobgoblins
  4 jackals (D:3)
  3 kobolds
  3 quokkas
  7 ball pythons
  8 bats
  4 frilled lizards
  5 rats
  A bush (D:2)
64 creatures vanquished.

Notes
Turn   | Place    | Note
-------+----------+-------------------------------------------
     0 | D:1      | Hubjo the Demonspawn Transmuter began the quest for the
                  | Orb.
     0 | D:1      | Reached XP level 1. HP: 15/15 MP: 3/3
    15 | D:1      | Found Tozacine's Distillery.
   169 | D:1      | Gained mutation: You are partially covered in yellow
                  | scales. (AC +2) [demonic ancestry]
   169 | D:1      | Reached XP level 2. HP: 17/21 MP: 3/5
   924 | D:1      | Gained mutation: You regenerate a little health from kills.
                  | [demonic ancestry]
   924 | D:1      | Reached XP level 3. HP: 27/27 MP: 4/6
  1154 | D:1      | Reached skill level 1 in Stealth
  2161 | D:2      | Upgraded the game from 0.29-a0-559-g359e09b9d1 to
                  | 0.29-a0-582-ge82337ba6a
  2189 | D:3      | Gained mutation: A weak demonic guardian rushes to your
                  | aid. [demonic ancestry]
  2189 | D:3      | Reached XP level 4. HP: 27/33 MP: 5/7
  2948 | D:3      | Found a faded altar of an unknown god.
  2953 | D:3      | Prayed at the altar of an unknown god.
  2953 | D:3      | Became a worshipper of Nemelex Xobeh the Trickster
  2953 | D:3      | Reached * piety under Nemelex Xobeh
  2953 | D:3      | Received a gift from Nemelex Xobeh
  2955 | D:3      | You fall into a shaft and drop 3 floors!
  2961 | D:6      | Noticed a bullfrog
  2962 | D:6      | Noticed a scorpion
  2971 | D:6      | Killed a bullfrog
  2972 | D:6      | Gained mutation: You have a small tail. [demonic ancestry]
  2972 | D:6      | Reached XP level 5. HP: 29/39 MP: 6/9
  3213 | D:6      | Reached XP level 6. HP: 42/46 MP: 10/10
  3339 | D:6      | Noticed a water moccasin
  3350 | D:6      | HP: 2/46 [water moccasin (7)]
  3351 | D:6      | Slain by a water moccasin

Illustrated notes

Levels and vault maps discovered:
D:1:      lightli_arrival_lavapool, layout_loops_ring, serial_shops,
          nicolae_shop_hallway_stairs, minmay_tromino_v7
D:2:      minmay_chambers_of_twos, layout_rooms, hangedman_glass_teeth,
          minmay_hedge_maze
D:3:      layout_basic, hellmonk_ecumenical_altar_leap_of_faith
D:6:      layout_loops_ring, nicolae_ossuary_entry_false_entrances,
          nicolae_shop_clearance

Skill      XL: |  1  2  3  4  5 |
---------------+----------------+-----
Transmutations | 2 3 |  3.5
Stealth        | 1 2 |  2.2
Fighting       | 2 |  2.9
Unarmed Combat | 3 |  3.4
Spellcasting   | 3 |  3.0
Dodging        | |  1.7

Action                   |  1- 3 |  4- 6 || total
-------------------------+-------+-------++-------
Melee: Unarmed           |   249 |    89 ||   338
       Kick              |    43 |    16 ||    59
       Headbutt          |    25 |    10 ||    35
       Punch             |    11 |     2 ||    13
       Tailslap          |       |     3 ||     3
 Cast: Beastly Appendage |    41 |    11 ||    52
  Use: Scroll            |       |     7 ||     7
       Potion            |       |     1 ||     1
 Stab: Sleeping          |     4 |     1 ||     5
Armor: Robe              |    48 |    20 ||    68
Dodge: Dodged            |   105 |    58 ||   163

Table legend: (Time is in decaauts)
 A = Elapsed time spent in this place.
 B = Non-inter-level travel time spent in this place.
 C = Inter-level travel time spent in this place.
 D = Time resting spent in this place.
 E = Time spent auto-exploring this place.
 F = Levels seen in this place.
 G = Mean time per level.
                   A        B        C        D        E       F      G
               +--------+--------+--------+--------+--------+-----+--------+
         Total |   3329 |   3286 |     43 |      0 |   2636 |   4 |  832.2 |
       Dungeon |   3329 |   3286 |     43 |      0 |   2636 |   4 |  832.2 |
               +--------+--------+--------+--------+--------+-----+--------+

Top non-repeatable levels by time:
     D:1: 1300 daAuts
     D:2: 847 daAuts
     D:3: 789 daAuts
     D:6: 393 daAuts
